 Dungeon Crawl Stone Soup version 0.24.0-13-gcf9b3192b9 (webtiles) character file.

Game seed: 13434037405623328334, levelgen mode: deterministic

489 no0bjke the Chopper (level 7, 0/41 HPs)
             Began as a Gargoyle Fighter on Nov 6, 2019.
             Killed by nerve-wracking pain
             ... invoked by an orc priest
              (5 damage)
             ... on level 5 of the Dungeon.
             The game lasted 00:06:24 (3079 turns).

no0bjke the Chopper (Gargoyle Fighter)              Turns: 3079, Time: 00:06:24

Health: 0/41       AC: 16    Str: 21    XL:     7   Next: 14%
Magic:  7/7        EV:  3    Int:  9    God:
Gold:   226        SH:  9    Dex:  9    Spells: 6/6 levels left

rFire    . . .     SeeInvis .   a - +0 war axe
rCold    . . .     Gourm    .   c - +0 shield
rNeg     + . .     Faith    .   m - +0 plate armour
rPois    ∞         Spirit   .   (no helmet)
rElec    +         Reflect  .   (no cloak)
rCorr    .         Harm     .   (no gloves)
MR       .....                  (no boots)
Stlth    ..........             (no amulet)
HPRegen  0.13/turn              s - ring of wizardry
MPRegen  0.10/turn              (no ring)

@: no status effects
A: negative energy resistance 1, electricity resistance, unbreathing,
petrification resistance, rot immunity, AC +4
a: no special abilities


You were on level 5 of the Dungeon.
You were near starving.

You visited 1 branch of the dungeon, and saw 5 of its levels.

You collected 226 gold pieces.

Inventory:

Hand Weapons
 a - a +0 war axe (weapon)
Armour
 c - a +0 shield (worn)
 m - a +0 plate armour (worn)
Jewellery
 s - a ring of wizardry (left hand)
Scrolls
 e - 5 scrolls of fear {unknown}
 g - 2 scrolls of remove curse {unknown}
 h - 2 scrolls of enchant armour {unknown}
 o - a scroll of immolation {unknown}
 p - 2 scrolls of magic mapping {unknown}
 q - 2 scrolls of teleportation {unknown}
 r - 5 scrolls of identify {unknown}
Potions
 b - a potion of resistance {unknown}
 d - a potion of might
 j - 3 potions of curing {unknown}
 k - a potion of heal wounds {unknown}
 l - a potion of brilliance {unknown}
 n - a potion of ambrosia {unknown}
Comestibles
 f - 11 rations


   Skills:
 - Level 3.2 Fighting
 * Level 6.9 Axes
 - Level 3.2 Armour
 - Level 3.2 Shields


You had 6 spell levels left.
You didn't know any spells.
Your spell library was empty.

Dungeon Overview and Level Annotations

Branches:
Dungeon (5/15)
 Temple: D:4-7

Altars:


Innate Abilities, Weirdness & Mutations

You are resistant to torment.
Your stone body is resilient. (AC +4)
You are immune to poison.
You resist negative energy. (rN+)
You are resistant to electric shocks. (rElec)
You can survive without breathing.
You are immune to petrification.
You are immune to rotting.


Message History

The orc priest calls down the wrath of Beogh upon you.
Beogh smites you!
* * * LOW HITPOINT WARNING * * *
You are too injured to fight recklessly!
You completely miss the orc priest.
The orc priest is severely wounded.
You hit the orc.
You kill the orc!
Your plate armour prevents you from hitting the orc.
You block the orc priest's attack.
Unknown command.
You closely miss the orc priest.
The orc priest is severely wounded.
You hit the orc.
You hit the orc priest but do no damage.
You block the orc's attack.
The orc priest hits you but does no damage.
The orc priest mumbles some strange prayers to Beogh against you.
Pain shoots through your body!
You die...

###### ....# ...# #
#..# #.⌠ #oo#
#...#o@#
≈###≈..######
≈≈≈≈≈........#
≈≈≈≈≈...##.#.#######
≈≈###≈..##.#.......#
≈ ..#.###.#######.#
#.⌠.#. #.....#...###
#...#. ###.........#
.## ?. #...<.#.###.#


You could see 2 orc priests and an orc.

Vanquished Creatures
  Blork the orc (D:4)
  A scorpion (D:4)
  A centaur skeleton (D:4)
  An iguana (D:4)
  3 orc wizards (D:4)
  A worker ant (D:4)
  A gnoll (D:1)
  11 adders
  A worm (D:2)
  4 dart slugs
  A leopard gecko (D:1)
  13 orcs
  5 bats
  A giant cockroach (D:2)
  6 goblins
  9 hobgoblins
  3 jackals (D:2)
  9 kobolds
  2 quokkas
  5 frilled lizards
  A jackal skeleton (D:4)
  8 rats
88 creatures vanquished.

Notes
Turn   | Place    | Note
-------+----------+-------------------------------------------
     0 | D:1      | no0bjke the Gargoyle Fighter began the quest for the Orb.
     0 | D:1      | Reached XP level 1. HP: 14/14 MP: 1/1
    61 | D:1      | Reached skill level 2 in Axes
    91 | D:1      | Reached XP level 2. HP: 17/19 MP: 2/2
   172 | D:1      | Reached skill level 3 in Axes
   298 | D:1      | Reached XP level 3. HP: 23/23 MP: 3/3
   755 | D:2      | Reached XP level 4. HP: 28/28 MP: 4/4
   923 | D:2      | Reached skill level 4 in Axes
  1256 | D:2      | Reached XP level 5. HP: 28/32 MP: 5/5
  1749 | D:3      | Reached skill level 5 in Axes
  2204 | D:4      | Reached XP level 6. HP: 13/37 MP: 6/6
  2471 | D:4      | Reached skill level 6 in Axes
  2548 | D:4      | Noticed Blork the orc
  2562 | D:4      | Killed Blork the orc
  2562 | D:4      | Reached XP level 7. HP: 22/41 MP: 7/7
  3047 | D:5      | Entered Level 5 of the Dungeon
  3079 | D:5      | Killed from afar by an orc priest

Levels and vault maps discovered:
D:1:      minmay_arrival_stone_box, layout_basic
D:2:      layout_loops_ring
D:3:      layout_basic, first_ration, grunt_ministairs_14
D:4:      layout_cave_pools, uniq_blork_the_orc
D:5:      layout_basic, lemuel_doored_altar, minmay_temple_entry_sparse_star,
          fountainhead, trog_butcher_becter

Skill      XL: |  1  2  3  4  5  6 |
---------------+-------------------+-----
Axes           | 2 3 4 5 6 |  6.9
Fighting       | |  3.2
Armour         | |  3.2
Shields        | |  3.2

Action                   |  1- 3 |  4- 6 |  7- 9 || total
-------------------------+-------+-------+-------++-------
Melee: War axe           |    91 |   243 |    14 ||   348
  Eat: Chunk             |       |     6 |       ||     6
Armor: Scale mail        |    74 |    68 |       ||   142
       Plate armour      |       |    83 |    13 ||    96
       Chain mail        |       |     7 |       ||     7
Dodge: Dodged            |    21 |    68 |     1 ||    90
Block: Shield            |    61 |   131 |     6 ||   198
